FIQ, neutral male scurrid Tourist }}}}}}}}}}}}}}}}}}}}}}}}}}}}}}}}}}}}}}}}}}}}}}}}}}}}}}}}}}}}}}}}}}}}}}}}}}}} }}}.}}}}}}}}}}}}}}}}}}}}}}}}}}}}}}}}}}}}.}}}}}}}}}}}}}}}}}}}}}}}}}}}} #.}}}}}}}}}}}}}}}}}}} ..}}}}}}}}.}}}...}}}}}} }}}}}}}}}..}}}}..#}}}}}}}...# #..}}}}}...I}}}}.....# #......}}}}..%<.}}.}}}.}}...}}}}}.# ....} #.}}}}.....=}}}}}.# }}}}}}}}}}}..# }}}}}}}}}}#.}}}}}}}}..}} }}}}}}..... ..}}}}}}}}}}}}}} }}}}#.}}}}}}}}}}}}}} }.# ..... }}}..}}}}}}}}).}}}}}} }}}}} }}}}}}}}}}}}}}}}`}} #}}}}}}}}}}}..`.}}}}} }}}# }}+# }...}}}}}}}}}}}}}}.. ..}}}}}}}}}}}.#...}}}}} }}.# #... # ...}}}}}}}}}}}}(.}}}}}} }}}}}....}}}}}}}. .}}.}}}}} }}}} ... # .}}}}}.# }}}}}}}}}} }}}}}}}}}}..#..}}}}} }}}}}}}}.. }}}}. --|- # }}}.... }}}}}} }}.}..}}}}}}}.#..%`.}}}}}}}}}}}..#. }}.# }}.}}}}}. }} }}} #.}...}..} #.#.}}}}}}.}}}}}}} . }}.. }}}}}..# }..}}}).. }}}}}}}...}}}}}} } }}}# ...# }}}}}..}}} # .}}}}}}}}.#..}}}}} }} }}}} ... }}}}}}}} }}}}}}}}}} }.}}}}}} }} }}} }}} }}}}}}} }}}}}}}}}}} }}}}}}}} }} }}} }}}} FIQ the Rambler Experience level: 1 Strength: 15 Dexterity: 10 Constitution: 14 Intelligence: 14 Wisdom: 9 Charisma: 13 Health: 0(9) Energy: 2(2) Def: 0 Gold: 883 Moves: 60 Dungeon seed: Efxnpy5AGmUadnRj Game ID: FIQ_1498603667 Your Inventory: Coins $ - 883 gold pieces Weapons a - 43 uncursed rusty +2 darts (in quiver) Armor n - an uncursed +0 Hawaiian shirt (being worn) Comestibles b - 4 uncursed tripe rations c - 6 uncursed food rations d - an uncursed orange Scrolls g - 3 uncursed scrolls of magic mapping h - a blessed scroll of blank paper Potions e - a blessed diluted potion of extra healing f - an uncursed diluted potion of extra healing Wands k - an uncursed rusty wand of secret door detection (0:12) Tools i - an uncursed expensive camera (0:80) j - an uncursed credit card l - an uncursed tin opener Spells and supernatural/magical abilities: Name Level Category Fail Memory W - pray for help -- divine ? -- Your skills at the end: Miscellaneous Skills wands [Basic] Weapon Skills dart [Basic] Spellcasting Skills Final Attributes: You were devoutly aligned. You were blinded. You had infravision. You were very stealthy. You are dead. Voluntary challenges: You went without food. You did not adorn yourself with jewelry or accessories. You did not cause conflict. You were not invisible. You did not have reflection. You were not displaced. You were an atheist. You never hit with a wielded weapon. You were a pacifist. You did not use tools. You did not use plumbed fixtures. You did not drink any magical draughts. You were illiterate. You never genocided any monsters. You never polymorphed an object. You never changed form. You used no wishes. You never split a pudding. You never wrote Elbereth's name. You never violated your personal moral code. Dungeon overview: The Dungeons of Doom: levels 1 to 24 Level 1 a long staircase Level 2 Level 3 Level 4 Level 5 Level 6 Level 7 Level 8 Level 9 many fountains Level 10 Level 11 Level 12 Level 13 Level 14 Level 15 Level 16 Level 17 Level 18 Level 19 Level 20 Level 21 Level 22 Level 23 a temple to Blind Io Level 24 <- You were here many trees History has recorded: On T:1 you entered the Dungeons of Doom to retrieve the Amulet of Yendor! On T:4 you reached level 2 of The Dungeons of Doom. On T:7 you reached level 3 of The Dungeons of Doom. On T:9 you reached level 4 of The Dungeons of Doom. On T:11 you reached level 5 of The Dungeons of Doom. On T:13 you reached level 6 of The Dungeons of Doom. On T:16 you reached level 7 of The Dungeons of Doom. On T:18 you reached level 8 of The Dungeons of Doom. On T:20 you reached level 9 of The Dungeons of Doom. On T:22 you reached level 10 of The Dungeons of Doom. On T:26 you reached level 11 of The Dungeons of Doom. On T:28 you reached level 12 of The Dungeons of Doom. On T:31 you reached level 13 of The Dungeons of Doom. On T:33 you reached level 14 of The Dungeons of Doom. On T:35 you reached level 15 of The Dungeons of Doom. On T:37 you reached level 16 of The Dungeons of Doom. On T:40 you reached level 17 of The Dungeons of Doom. On T:40 you entered the Rogue tribute level. On T:42 you reached level 18 of The Dungeons of Doom. On T:44 you reached level 19 of The Dungeons of Doom. On T:48 you reached level 20 of The Dungeons of Doom. On T:50 you reached level 21 of The Dungeons of Doom. On T:52 you reached level 22 of The Dungeons of Doom. On T:55 you reached level 23 of The Dungeons of Doom. On T:57 you reached level 24 of The Dungeons of Doom. Score breakdown: Gold: 0 ( 0 points) Experience: 1 level ( 0 points) Exploration: 24 levels ( 690 points) Discoveries: 1 item ( 50 points) Variety of kills: 0 monsters ( 0 points) Major goal: (nothing yet) ( 0 points) Survival: died (score multiplied by 3) Total score: 2220 Latest messages: "Pilgrim, you enter a sacred place!" You have a strange forbidding feeling... You start digging downward. You continue digging downward. You dig a pit in the floor. You continue digging downward. You dig a hole through the floor. You fall through... You start digging downward. You continue digging downward. As you dig, the hole fills with water! You fall into the water! You sink like a rock. Your darts rust! Your wand of secret door detection rusts! You try to crawl out of the water. Pheew! That was close. That command is only available in debug mode. You have no weapon equipped. You start chewing on a tree. You continue cutting the tree. You cut down the tree. The raven pecks! The raven blinds you! Something pecks! You die... Final status: Aloha FIQ the Tourist, killed by a raven... You died in The Dungeons of Doom on dungeon level 24 with 2220 points, and 883 pieces of gold, after 60 moves. You were level 1 with a maximum of 9 hit points when you died.